 Dungeon Crawl Stone Soup version 0.23-a0-756-g517b432 (webtiles) character file.

12968 nono the Fighter (level 12, -1/106 HPs)
             Began as a Ghoul Fighter on Jan 18, 2019.
             Was a Priest of Qazlal.
             Slain by Rupert
             ... wielding a +2 vampiric battleaxe
              (41 damage)
             ... on level 3 of the Lair of Beasts.
             The game lasted 00:28:15 (8615 turns).

nono the Fighter (Ghoul Fighter)                    Turns: 8615, Time: 00:28:16

Health: -1/106     AC: 14    Str: 24    XL:     12   Next: 1%
Magic:  13/16      EV:  7    Int:  4    God:    Qazlal [***...]
Gold:   738        SH: 22    Dex:  8    Spells: 11/11 levels left

rFire    . . .     SeeInvis .     - Unarmed
rCold    + . .     Gourm    .   o - +1 shield {AC+3}
rNeg     + + +     Faith    .   p - +0 chain mail
rPois    ∞         Spirit   .   (no helmet)
rElec    .         Reflect  +   (no cloak)
rCorr    .         Harm     .   (no gloves)
MR       .....                  (no boots)
Stlth    ..........             G - +5 amulet of reflection
HPRegen  0.00/turn              z - ring of flight
MPRegen  0.15/turn              w - +6 ring of slaying

@: rotting
A: rotting body, claws 1, carnivore, cold resistance 1, negative energy
resistance 3, inhibited regeneration, torment resistance, unbreathing
a: Upheaval, Elemental Force, Renounce Religion, Evoke Flight


You were on level 3 of the Lair of Beasts.
You worshipped Qazlal.
Qazlal was most pleased with you.
You were not hungry.

You visited 2 branches of the dungeon, and saw 12 of its levels.

You collected 738 gold pieces.

Inventory:

Missiles
 A - 2 throwing nets (quivered)
Armour
 a - a +0 scale mail
 b - a +0 shield
 o - a +1 shield of protection (worn)
 p - a +0 chain mail (worn)
 C - a +0 scale mail
Jewellery
 u - an uncursed ring of magical power
 v - an uncursed ring of magical power
 w - a +6 ring of slaying (right claw)
 z - a ring of flight (left claw)
 G - a +5 amulet of reflection (around neck)
 I - an uncursed ring of ice
 O - an uncursed ring of stealth {unknown}
Wands
 c - a wand of iceblast (10)
 H - a wand of paralysis (12)
 J - a wand of flame (21)
Scrolls
 g - 5 scrolls of remove curse
 h - 4 scrolls of teleportation
 i - 4 scrolls of enchant armour
 m - a scroll of enchant weapon
 n - a scroll of blinking
 r - 4 scrolls of immolation
 s - 4 scrolls of fog
 y - a scroll of random uselessness
 B - a scroll of noise
Potions
 e - 3 potions of heal wounds {unknown}
 f - 4 potions of curing
 j - 3 potions of resistance
 k - a potion of berserk rage
 l - 3 potions of agility {unknown}
 q - 2 potions of haste
 t - 3 potions of lignification {unknown}
 x - a potion of brilliance
 D - a potion of flight
 N - a potion of might
 P - a potion of magic {unknown}
Comestibles
 d - 25 rations
 E - 2 chunks of flesh


   Skills:
 + Level 10.2 Fighting
 + Level 8.6 Armour
 + Level 8.6 Shields
 + Level 9.9 Unarmed Combat
 + Level 7.8 Invocations


You had 11 spell levels left.
You didn't know any spells.
Your spell library was empty.

Dungeon Overview and Level Annotations

Branches:
Dungeon (9/15)             Temple (0/1) D:5            Lair (3/6) D:8
  Swamp: Lair:2-4    Shoals: Lair:2-4     Snake: Lair:2-4    Spider: Lair:2-4
    Orc: D:9-12

Altars:
Ashenzari
Dithmenos
Fedhas
Hepliaklqana
Kikubaaqudgha
Nemelex Xobeh
Qazlal
Trog
Uskayaw
Wu Jian
Xom

Shops:
D:4 (   D:6 (

Annotations:
D:5 Pikel
Lair:1 exclusion: oklob plant
Lair:3 Rupert


Innate Abilities, Weirdness & Mutations

Your body is rotting away.
You thrive on raw meat.
You are immune to poison.
You have sharp fingernails.
You are carnivorous and can eat meat at any time.
Your flesh is cold resistant. (rC+)
You are immune to negative energy. (rN+++)
You do not regenerate when monsters are visible.
You are immune to unholy pain and torment.
You can survive without breathing.


Message History

You claw Rupert!
Rupert is heavily wounded.
You block Rupert's attack.
You claw Rupert!
Rupert is heavily wounded.
Rupert hits you with a +2 vampiric battleaxe!
You claw Rupert!
Rupert is severely wounded.
You block Rupert's attack.
You mangle Rupert!!
Rupert is severely wounded.
You block Rupert's attack.
You scratch Rupert but do no damage.
Rupert is severely wounded.
Rupert hits you with a +2 vampiric battleaxe!!
You closely miss Rupert.
Rupert is severely wounded.
Rupert hits you with a +2 vampiric battleaxe!
Rupert hits you with a +2 vampiric battleaxe!!!
You die...

###................
#####.........#.÷......
#............###.......
#...........###P.......
##.........## #........
##.........## #........
##.........## ##.......
#.......☼.P# ###.......
##.....†@@.##
#.#....... .......○P###
##÷....... .......###
#........ .......
#.#...... ......#
#........ ....##
#........ ..?#
#.#....... ...
#.#....... ..
##........


You could see Rupert (berserk).

Vanquished Creatures
  2 hydras
  Fannar (Lair:1)
  3 death yaks
  A black mamba (Lair:2)
  5 spiny frogs
  A rime drake (Lair:2)
  2 komodo dragons (Lair:2)
  3 polar bears (Lair:1)
  3 blink frogs (Lair:2)
  2 hippogriffs
  A wraith (D:8)
  A hungry ghost (D:8)
  Menkaure (D:7)
  6 porcupines
  A sky beast (D:7)
  3 black bears
  An ice beast (D:8)
  3 slaves (D:5)
  A phantom (D:7)
  3 ogres
  7 wolves (Lair:3)
  3 centaurs (D:8)
  5 crocodiles
  2 bullfrogs
  A gnoll sergeant (D:8)
  A scorpion (D:5)
  8 wights
  4 howler monkeys
  2 electric eels (Lair:1)
  A centaur zombie (D:5)
  3 crimson imps
  2 jellies
  A bullfrog zombie (D:7)
  4 orc priests
  6 orc wizards
  A bullfrog skeleton (D:5)
  2 centaur skeletons
  A gnoll shaman (D:6)
  Jessica (D:2)
  Terence (D:2)
  A hell rat (D:8)
  5 worker ants
  A hound zombie (D:5)
  A hound skeleton (D:7)
  A worker ant zombie (D:5)
  13 gnolls
  2 howler monkey skeletons
  9 adders
  2 river rats (D:8)
  2 shadow imps
  An ooze (D:5)
  2 worms
  A dart slug (D:1)
  6 leopard geckos
  20 orcs
  4 ball pythons
  10 bats
  8 giant cockroaches
  11 goblins
  7 hobgoblins
  6 jackals
  4 kobolds
  5 quokkas
  8 frilled lizards
  13 rats
  A fungus (Lair:1)
  A plant (Lair:1)
245 creatures vanquished.

Vanquished Creatures (others)
  A plant (Lair:1)
1 creature vanquished.

Grand Total: 246 creatures vanquished

Notes
Turn   | Place    | Note
-------+----------+-------------------------------------------
     0 | D:1      | nono the Ghoul Fighter began the quest for the Orb.
     0 | D:1      | Reached XP level 1. HP: 19/19 MP: 0/0
    74 | D:1      | Reached XP level 2. HP: 20/26 MP: 1/1
   247 | D:1      | Reached XP level 3. HP: 31/31 MP: 2/2
   613 | D:2      | Noticed Terence
   660 | D:2      | Killed Terence
   660 | D:2      | Reached XP level 4. HP: 29/40 MP: 3/3
   682 | D:2      | Found an ornate altar of the Wu Jian Council.
  1008 | D:2      | Reached skill level 4 in Fighting
  1039 | D:2      | Found a shattered altar of Ashenzari.
  1041 | D:2      | Found a stormy altar of Qazlal.
  1077 | D:2      | Noticed Jessica
  1529 | D:2      | Killed Jessica
  1537 | D:2      | Became a worshipper of Qazlal Stormbringer
  1680 | D:3      | Noticed a black bear
  1690 | D:3      | Killed a black bear
  1690 | D:3      | Reached XP level 5. HP: 45/45 MP: 4/4
  1784 | D:3      | Reached XP level 6. HP: 51/53 MP: 5/5
  1835 | D:3      | Found a shadowy altar of Dithmenos.
  2087 | D:3      | Found a blossoming altar of Fedhas.
  2089 | D:3      | Found an ancient bone altar of Kikubaaqudgha.
  2542 | D:4      | You fall through a shaft for 3 floors!
  2575 | D:6      | Reached skill level 5 in Fighting
  2579 | D:6      | Reached XP level 7. HP: 33/61 MP: 6/6
  2602 | D:5      | Entered Level 5 of the Dungeon
  2602 | D:5      | Found a staircase to the Ecumenical Temple.
  2611 | D:5      | Noticed Pikel
  2994 | D:4      | Found a shimmering altar of Xom.
  3029 | D:4      | Reached * piety under Qazlal
  3073 | D:4      | Found a sparkling altar of Nemelex Xobeh.
  3125 | D:4      | Found Osoczo's Weapon Shoppe.
  3334 | D:5      | Reached skill level 5 in Unarmed Combat
  3442 | D:5      | Reached XP level 8. HP: 50/70 MP: 7/7
  3751 | D:5      | Reached skill level 5 in Shields
  3767 | D:6      | Reached skill level 6 in Fighting
  3767 | D:6      | Reached skill level 5 in Armour
  3894 | D:6      | Noticed a moth of wrath
  3896 | D:6      | Found a bloodstained altar of Trog.
  3932 | D:6      | Reached ** piety under Qazlal
  3957 | D:6      | Got a fine trident
  3963 | D:6      | Identified the +2 trident "Zeclit" {speed, Int+5} (You
                  | found it on level 6 of the Dungeon)
  4117 | D:6      | Found Fyng's Antique Weapon Shop.
  4161 | D:6      | Reached skill level 1 in Invocations
  4420 | D:6      | Found a hide-covered altar of Uskayaw.
  4466 | D:6      | Found a bloodstained altar of Trog.
  4598 | D:7      | Noticed Menkaure
  4602 | D:7      | Killed Menkaure
  4602 | D:7      | Reached XP level 9. HP: 78/78 MP: 9/9
  4657 | D:7      | Reached skill level 7 in Fighting
  5383 | D:8      | Noticed a death yak
  5386 | D:8      | Noticed a death yak
  5394 | D:8      | Noticed a death yak
  5421 | D:8      | Killed a death yak
  5421 | D:8      | Reached *** piety under Qazlal
  5421 | D:8      | Reached skill level 8 in Fighting
  5421 | D:8      | Reached XP level 10. HP: 25/88 MP: 12/12
  5459 | D:9      | Killed a death yak
  5469 | D:8      | Killed a death yak
  5469 | D:8      | Reached skill level 5 in Invocations
  5657 | D:8      | Found a staircase to the Lair.
  6258 | D:9      | Found a hazy altar of Hepliaklqana.
  6290 | D:9      | Noticed a two-headed ogre
  6410 | Lair:1   | Entered Level 1 of the Lair of Beasts
  6441 | Lair:1   | Noticed a seven-headed hydra
  6449 | Lair:1   | Killed a seven-headed hydra
  6449 | Lair:1   | Reached skill level 9 in Fighting
  6487 | Lair:1   | Noticed Fannar
  6493 | Lair:1   | Noticed a spiny frog
  6511 | Lair:1   | Killed Fannar
  6511 | Lair:1   | Reached XP level 11. HP: 55/97 MP: 14/14
  6820 | Lair:1   | Noticed an oklob plant
  7930 | Lair:2   | Noticed a six-headed hydra
  7942 | Lair:2   | Killed a six-headed hydra
  7989 | Lair:2   | Reached skill level 10 in Fighting
  8514 | Lair:3   | Noticed Rupert
  8572 | Lair:3   | Reached XP level 12. HP: 68/106 MP: 16/16
  8595 | Lair:3   | Paralysed by Rupert for 6 turns
  8615 | Lair:3   | Slain by Rupert

Vault maps used:
D:1:      tarquinn_simple_flora_water_e
D:2:      lemuel_crystal_altar, nicolae_overflow_hidden_temple, first_ration,
          uniq_terence, uniq_jessica
D:3:      grunt_temple_overflow_growth_and_decay, minmay_misc_feat_columns,
          nicolae_dithmenos_through_a_glass_darkly
D:4:      marbit_many_paths, nemelex_xobeh_ov_fountains_minmay, serial_shops,
          shop, hangedman_decor_points
D:5:      minmay_temple_entry_trees, minmay_misc_feat_tower, uniq_pikel
D:6:      kennysheep_mini_moat, tgw_trog, serial_shops, shop, trog_hazing_becter
D:7:      uniq_menkaure
D:8:      dpeg_lair_monsters
D:9:      nicolae_overflow_crystal_walls, demons_altar,
          nicolae_gozag_seed_capital, grunt_qazlal_clouds
Lair:1:   cheibrodos_lair_lostbears, infiniplex_staircase_pool,
          minmay_lair_oklob_chamber, serial_bayou_shore_a, grunt_megastairs_4,
          uniq_fannar
Lair:2:   grunt_megastairs_5
Lair:3:   minmay_shoals_entry_beasts, portal_ice_cave_entry_pillars_1,
          uniq_rupert

Skill      XL: |  1  2  3  4  5  6  7  8  9 10 11 |
---------------+----------------------------------+-----
Armour         | 3 4 5 6 7 8 |  8.6
Shields        | 3 4 5 6 7 8 |  8.6
Unarmed Combat | 3 4 5 6 7 8 9 |  9.9
Fighting       | 4 5 6 8 9 10 | 10.2
Invocations    | 2 4 6 7 |  7.8

Action                   |  1- 3 |  4- 6 |  7- 9 | 10-12 || total
-------------------------+-------+-------+-------+-------++-------
Melee: Unarmed           |   145 |   158 |   313 |   278 ||   894
Invok: Upheaval          |       |       |       |     2 ||     2
Evoke: Wand              |       |       |     3 |       ||     3
  Use: Potion            |       |     2 |     4 |     1 ||     7
       Scroll            |       |       |     2 |    18 ||    20
  Eat: Chunk             |     6 |    15 |    31 |    59 ||   111
Armor: Scale mail        |    37 |       |       |       ||    37
       Chain mail        |    18 |    67 |   114 |    69 ||   268
Dodge: Dodged            |    27 |    31 |    47 |    34 ||   139
Block: Shield            |    48 |    54 |   188 |   248 ||   538
       Reflection        |       |       |     5 |     6 ||    11

Table legend:
 A = Non-vault XP
 B = Vault XP
 C = Vault XP percentage of total XP
 D = Non-vault monster count
 E = Vault monster count
 F = Vault count percentage of total count
                 A         B        C        D         E       F
            +---------+---------+-------+---------+---------+-------
      Total |   12879 |    5648 |  30.5 |     207 |      33 |  13.8
            +---------+---------+-------+---------+---------+-------
        D:1 |      52 |       0 |   0.0 |      30 |       0 |   0.0
        D:2 |      26 |      73 |  73.7 |      14 |       2 |  12.5
        D:3 |     218 |       0 |   0.0 |      22 |       0 |   0.0
        D:4 |     170 |      13 |   7.1 |      13 |       1 |   7.1
        D:5 |     605 |       0 |   0.0 |      19 |       0 |   0.0
        D:6 |     966 |      20 |   2.0 |      32 |      11 |  25.6
        D:7 |     793 |     172 |  17.8 |      12 |       1 |   7.7
        D:8 |    1678 |    1944 |  53.7 |      26 |      10 |  27.8
        D:9 |     261 |     857 |  76.7 |       8 |       1 |  11.1
     Lair:1 |    2751 |    2014 |  42.3 |       9 |       5 |  35.7
     Lair:2 |    3942 |     555 |  12.3 |      11 |       2 |  15.4
     Lair:3 |    1417 |       0 |   0.0 |      11 |       0 |   0.0
            +---------+---------+-------+---------+---------+-------
